 Dungeon Crawl Stone Soup version 0.28.0-43-g3370ac3207 (webtiles) character file.

Game seed: 2364015752810591297

104 nickcage the Chopper (level 4, -1/37 (39) HPs)
             Began as a Minotaur Fighter on Mar 28, 2022.
             Slain by an orc
             ... wielding a +1 short sword of draining
              (2 damage)
             ... on level 3 of the Dungeon.
             The game lasted 00:04:10 (2454 turns).

nickcage the Chopper (Minotaur Fighter)             Turns: 2454, Time: 00:04:11

HP:   -1/37 (39)    AC:  6    Str: 22    XL:     4   Next: 52%
MP:   3/3           EV:  9    Int:  5    God:
Gold: 127           SH:  4    Dex: 10    Spells: 3/3 levels left

rFire   . . .      SeeInvis .   a - +0 war axe
rCold   . . .      Faith    .   c - +0 buckler
rNeg    . . .      Spirit   .   b - +0 scale mail
rPois   .          Reflect  .   (helmet restricted)
rElec   .          Harm     .   (no cloak)
rCorr   .          Rampage  .   (no gloves)
Will    .....                   (no boots)
Stlth   ..........              (no amulet)
HPRegen 0.12/turn               (no ring)
MPRegen 0.08/turn               (no ring)

@: drained
A: horns 2, retaliatory headbutt
a: no special abilities


You were on level 3 of the Dungeon.
You visited 1 branch of the dungeon, and saw 3 of its levels.

You collected 127 gold pieces.

Inventory:

Hand Weapons
 a - a +0 war axe (weapon)
Missiles
 f - 6 silver javelins (quivered)
 h - a throwing net
Armour
 b - a +0 scale mail (worn)
 c - a +0 buckler (worn)
Scrolls
 e - 2 scrolls of identify {unknown}
 g - a scroll of teleportation {unknown}
 j - a scroll of magic mapping {unknown}
Potions
 d - 2 potions of might
 i - a potion of magic {unknown}
 k - a potion of degeneration {unknown}


   Skills:
 - Level 3.6 Fighting
 + Level 5.8 Axes
 - Level 3.6 Armour
 - Level 3.6 Shields


You had 3 spell levels left.
You didn't know any spells.
Your spell library was empty.

Dungeon Overview and Level Annotations

Branches:
Dungeon (3/15)

Altars:


Innate Abilities, Weirdness & Mutations

You have a pair of horns on your head.
You reflexively headbutt those who attack you in melee.


Message History

You closely miss the rat. You headbutt the rat.
You kill the rat!
An orc priest comes into view. It is wielding a +0 club.
The orc wizard casts a spell at you. The magic dart hits you.
The orc throws a boomerang.
You block the boomerang.
The orc wizard mumbles some strange words.
The orc wizard flickers and vanishes!
Deactivating autopickup; reactivate with Ctrl-A.
An orc comes into view.
It is wielding a +1 short sword of draining.
The orc shouts!
The orc barely misses you.
You slash the orc!
You kill the orc!
You barely miss the orc. You hit something. You block the orc's attack.
You closely miss the orc priest. You barely miss something.
You barely miss the orc. You block the orc's attack. Something hits you.
The orc priest invokes the aid of Beogh against you.
Beogh smites you!
You are too injured to fight recklessly!
You are too injured to fight recklessly!
You hit the orc priest but do no damage.
Your headbutt misses the orc priest. You miss something. You slash the orc!
You kill the orc!
Something hits you but does no damage. The orc priest closely misses you.
You furiously retaliate!
You headbutt the orc priest, but do no damage.
Something hits you.
The orc hits you with a +1 short sword of draining.
You feel drained.
You hit the orc priest but do no damage.
You closely miss the orc. You miss something.
The orc priest hits you with a +0 club.
You hear some strange, mumbled words.
A magic dart appears from out of thin air!
The magic dart hits you!
* * * LOW HITPOINT WARNING * * *
The orc hits you with a +1 short sword of draining.
* * * LOW HITPOINT WARNING * * *
You feel drained.
You die...

#.........#
#.........#
##########.......#
............#....#
###........#....#
#...............#
#......##########
#........####....
..........@o......
....###...{o......
.... ####......##
... #......# #.
#......# #......#
.........
.........


You could see an orc priest and an orc.

Vanquished Creatures
  4 adders (D:2)
  An ufetubus (D:2)
  An adder skeleton (D:2)
  A worm (D:2)
  2 orcs (D:3)
  8 bats
  2 endoplasms (D:2)
  3 giant cockroaches
  4 goblins
  6 hobgoblins
  2 jackals (D:1)
  7 kobolds
  5 ball pythons
  6 frilled lizards
  5 rats
57 creatures vanquished.

Vanquished Creatures (others)
  3 fungi (D:1)
  A plant (D:1)
4 creatures vanquished.

Grand Total: 61 creatures vanquished

Notes
Turn   | Place    | Note
-------+----------+-------------------------------------------
     0 | D:1      | nickcage the Minotaur Fighter began the quest for the Orb.
     0 | D:1      | Reached XP level 1. HP: 19/19 MP: 0/0
   234 | D:1      | Reached skill level 3 in Axes
   285 | D:1      | Reached XP level 2. HP: 26/26 MP: 1/1
   469 | D:1      | Found a faded altar of an unknown god.
   640 | D:1      | Reached skill level 4 in Axes
  1088 | D:2      | Reached XP level 3. HP: 31/31 MP: 2/2
  1388 | D:2      | Reached skill level 5 in Axes
  1559 | D:2      | Reached XP level 4. HP: 14/39 MP: 3/3
  2454 | D:3      | HP: 1/38 [orc/+1 short sword of draining (4)]
  2454 | D:3      | Slain by an orc

Illustrated notes

Levels and vault maps discovered:
D:1:      lightli_arrival_farm, layout_loops_ring,
          dreamdust_ecumenical_altar_grove
D:2:      layout_loops_ring, chequers_serial_rivers_micro_d
D:3:      cheibrodos_fertilizer, layout_basic

Skill      XL: |  1  2  3 |
---------------+----------+-----
Axes           | 3 4 5 |  5.8
Fighting       | |  3.6
Armour         | |  3.6
Shields        | |  3.6

Action                   |  1- 3 |  4- 6 || total
-------------------------+-------+-------++-------
Melee: War axe           |   103 |    30 ||   133
       Headbutt          |     8 |     4 ||    12
Armor: Scale mail        |    54 |    13 ||    67
Dodge: Dodged            |    42 |    24 ||    66
Block: Buckler           |    24 |     8 ||    32
